 Dungeon Crawl Stone Soup version 0.28.0 (webtiles) character file.

Game seed: 5571698331356091549

803 browni3141 the Chopper (level 7, -12/96 HPs)
             Began as a Minotaur Berserker on Feb 16, 2022.
             Was an Elder of Trog.
             Mangled by an orc warrior (20 damage)
             ... on level 5 of the Dungeon.
             The game lasted 00:02:25 (4783 turns).

browni3141 the Chopper (Minotaur Berserker)         Turns: 4783, Time: 00:02:26

Health: -12/96     AC:  8    Str: 24    XL:     7   Next: 59%
Magic:  6/6        EV: 10    Int: 10    God:    Trog [****..]
Gold:   212        SH:  0    Dex:  9    Spells: 6/6 levels left

rFire   . . .      SeeInvis .   a - +0 hand axe
rCold   . . .      Faith    .   (no shield)
rNeg    . . .      Spirit   .   d - +0 scale mail
rPois   .          Reflect  .   (helmet restricted)
rElec   .          Harm     .   w - scarf {repulsion}
rCorr   .          Rampage  .   r - +0 pair of gloves
Will    ++...                   (no boots)
Stlth   ..........              (no amulet)
HPRegen 1.26/turn               k - +4 ring of slaying
MPRegen 0.10/turn               n - +6 ring of intelligence

@: berserking, strong-willed, regenerating, repel missiles, very quick
A: horns 2, retaliatory headbutt
a: Renounce Religion, Berserk, Trog's Hand, Brothers in Arms


You were on level 5 of the Dungeon.
You worshipped Trog.
Trog was greatly pleased with you.
You visited 1 branch of the dungeon, and saw 5 of its levels.
You also visited: Sewer.

You collected 212 gold pieces.

Inventory:

Hand Weapons
 a - a +0 hand axe (weapon)
Armour
 b - a +0 animal skin
 d - a +0 scale mail (worn)
 r - a +0 pair of gloves (worn)
 w - a scarf of repulsion (worn)
Jewellery
 k - a +4 ring of slaying (left hand)
 n - a +6 ring of intelligence (right hand)
Wands
 g - a wand of iceblast (7)
 m - a wand of charming (10)
Scrolls
 c - 6 scrolls of identify {unknown}
 f - 2 scrolls of enchant weapon {unknown}
 h - a scroll of blinking {unknown}
 j - 2 scrolls of fear {unknown}
 t - 2 scrolls of teleportation {unknown}
 u - a scroll of brand weapon {unknown}
 v - a scroll of enchant armour {unknown}
 x - 2 scrolls of noise
Potions
 e - a potion of curing
 i - a potion of mutation {unknown}
 l - a potion of might {unknown}
 o - 2 potions of heal wounds {unknown}
 p - 2 potions of brilliance {unknown}
 q - 2 potions of degeneration
 s - 4 potions of flight


   Skills:
 + Level 6.9 Fighting
 + Level 7.0 Axes
 + Level 6.3 Armour
 - Level 2.1 Dodging


You had 6 spell levels left.
You didn't know any spells.
Your spell library was empty.

Dungeon Overview and Level Annotations

Branches:
Dungeon (5/15)             Temple (0/1) D:5           Sewer (visited)

Altars:
Ashenzari
Gozag
Zin


Innate Abilities, Weirdness & Mutations

You have a pair of horns on your head.
You reflexively headbutt those who attack you in melee.


Message History

A red film seems to cover your vision as you go berserk!
You feel yourself moving faster!
You feel mighty!
The orc warrior hits you with a +0 dire flail!
The orc priest closely misses you.
You hit the orc priest.
You headbutt the orc priest, but do no damage.
The orc priest is heavily wounded.
You barely miss the orc warrior.
The orc warrior hits you with a +0 dire flail!!
* * * LOW HITPOINT WARNING * * *
The orc priest mumbles some strange prayers to Beogh against you.
Beogh smites you!
* * * LOW HITPOINT WARNING * * *
You are too injured to fight recklessly!
You are too injured to fight recklessly!
You are too injured to fight recklessly!
You are too injured to fight recklessly!
You are too injured to fight recklessly!
You barely miss the orc priest. You headbutt the orc priest.
The orc priest is severely wounded.
You barely miss the orc warrior. The orc warrior misses you.
The orc priest calls upon Beogh to heal the orc wizard.
The orc wizard's wounds heal themselves!
You slash the orc priest!
You kill the orc priest!
Trog accepts your kill.
You completely miss the orc warrior.
Your Axes skill increases to level 7!
Unknown command.
You barely miss the jelly.
The jelly is heavily wounded.
You hit the orc warrior. The orc warrior barely misses you.
The jelly hits you but does no damage.
Unknown command.
You slice the jelly!!
You kill the jelly!
Trog accepts your kill.
You slash the orc warrior!
The orc warrior hits you with a +0 dire flail!!
You die...

## # #.# # #.# ## ### #.#
.## ..# #.# ..## ####.# #.#
## ...## ##.##.#
#o####..#.#
....####...#.####)........#
....'..........)@o.........
....##.....#.#########...##
...###.###.#.# ## ..## #.#
#...# .## #.###.### ##
#.....# # ###.###
########.# .......#.#


You could see an orc warrior and an orc wizard.

Vanquished Creatures
  A sky beast (D:5)
  2 necrophages (D:4)
  A water moccasin skeleton (D:4)
  A bullfrog zombie (D:5)
  A hound (D:5)
  A jelly (D:5)
  An orc priest (D:5)
  An orc wizard (D:5)
  A hound skeleton (D:4)
  4 gnolls (D:5)
  18 adders
  A river rat (Sewer)
  A shadow imp (D:4)
  2 ufetubi
  2 dart slugs
  12 orcs
  4 endoplasms
  10 goblins
  4 hobgoblins
  9 jackals
  14 kobolds
  3 quokkas
  13 ball pythons
  15 bats
  2 frilled lizards
  5 rats
129 creatures vanquished.

Notes
Turn   | Place    | Note
-------+----------+-------------------------------------------
     0 | D:1      | browni3141 the Minotaur Berserker began the quest for the
                  | Orb.
     0 | D:1      | Reached XP level 1. HP: 19/19 MP: 0/0
   195 | D:1      | Reached XP level 2. HP: 21/27 MP: 1/1
   209 | D:1      | Reached skill level 4 in Axes
   454 | D:1      | Found a faded altar of an unknown god.
   808 | D:1      | Reached XP level 3. HP: 33/33 MP: 2/2
  1093 | D:1      | Reached ** piety under Trog
  1958 | D:3      | Found a glowing silver altar of Zin.
  2056 | D:3      | Found a broken altar of Ashenzari.
  2244 | D:3      | Reached XP level 4. HP: 41/41 MP: 3/3
  2356 | D:3      | Identified the +5 whip of the Maze {venom, rElec rC- Int+9}
  2681 | D:4      | Noticed a necrophage
  2688 | D:4      | Killed a necrophage
  2689 | D:4      | Reached skill level 5 in Fighting
  2689 | D:4      | Reached skill level 5 in Axes
  2689 | D:4      | Reached XP level 5. HP: 48/48 MP: 4/4
  2909 | D:4      | Reached XP level 6. HP: 50/56 MP: 5/5
  2987 | D:4      | Reached skill level 5 in Armour
  2993 | D:4      | Reached *** piety under Trog
  3109 | D:4      | Found an opulent altar of Gozag.
  3388 | D:5      | Entered Level 5 of the Dungeon
  3392 | D:5      | Reached skill level 6 in Axes
  3420 | D:5      | Noticed a sky beast
  3436 | D:5      | Killed a sky beast
  3438 | D:5      | Found a staircase to the Ecumenical Temple.
  3621 | D:5      | Reached XP level 7. HP: 55/63 MP: 6/6
  3879 | D:5      | Found a glowing drain.
  3892 | Sewer    | Entered a sewer
  4213 | Sewer    | Reached **** piety under Trog
  4782 | D:5      | Reached skill level 7 in Axes
  4783 | D:5      | Mangled by an orc warrior

Illustrated notes

Levels and vault maps discovered:
D:1:      dpeg_arrival_arbitrary_b, layout_loops_ring, basic_ecumenical_altar,
          hex_large, hangedman_abyss_or_decor_lesser_grid
D:2:      layout_loops_ring
D:3:      layout_loops_ring, nicolae_overflow_crystal_walls,
          mainiacjoe_overflow_paths, minmay_goblin_kobold_house
D:4:      layout_cave_pools, lemuel_crystal_altar
D:5:      layout_loops_corners, minmay_temple_entry_sparse_star,
          portal_sewer_entry_d

Skill      XL: |  1  2  3  4  5  6  7 |
---------------+----------------------+-----
Axes           | 4 5 6 7 |  7.0
Fighting       | 4 5 6 |  6.9
Armour         | 3 4 5 6 |  6.3
Dodging        | |  2.1

Action                   |  1- 3 |  4- 6 |  7- 9 || total
-------------------------+-------+-------+-------++-------
Melee: Hand axe          |    99 |    83 |    91 ||   273
       Headbutt          |    12 |    10 |    13 ||    35
Invok: Berserk           |       |     1 |     2 ||     3
       Trog's Hand       |       |       |     1 ||     1
Armor: Animal skin       |     9 |       |       ||     9
       Scale mail        |    27 |    43 |    60 ||   130
Dodge: Dodged            |    60 |    36 |    82 ||   178
